 Dungeon Crawl Stone Soup version 0.21.1-1-g345015fe64 (webtiles) character file.

1670 Hibernaculum the Destroyer (level 8, -1/52 HPs)
             Began as a Mummy Conjurer on June 29, 2018.
             Slain by a scorpion (2 damage)
             ... on level 6 of the Dungeon.
             The game lasted 00:17:57 (7335 turns).

Hibernaculum the Destroyer (Mummy Conjurer)         Turns: 7335, Time: 00:17:57

Health: -1/52      AC:  8    Str: 11    XL:     8   Next: 69%
Magic:  12/21      EV: 11    Int: 17    God:
Gold:   237        SH:  5    Dex: 12    Spells: 9/12 levels left

rFire    x . .     SeeInvis .   o - +0 falchion
rCold    + . .     Gourm    .   p - +2 buckler
rNeg     + + +     Faith    .   a - +0 robe
rPois    ∞         Spirit   .   (no helmet)
rElec    .         Reflect  .   (no cloak)
rCorr    .         Harm     .   d - +0 pair of gloves
MR       +....                  (no boots)
Stlth    ++........             (no amulet)
HPRegen  0.17/turn              f - +5 ring of protection
MPRegen  0.17/turn              e - ring of magical power

@: about to teleport
A: no food or potions, fire vulnerability, cold resistance 1, negative energy
resistance 3, torment resistance, unbreathing
a: no special abilities


You were on level 6 of the Dungeon.
You were not hungry.

You visited 1 branch of the dungeon, and saw 6 of its levels.

You collected 237 gold pieces.

Inventory:

Hand Weapons
 o - a +0 falchion (weapon)
Armour
 a - a +0 robe (worn)
 d - a +0 pair of gloves (worn)
 p - a +2 buckler (worn)
Jewellery
 e - a ring of magical power (right hand)
 f - a +5 ring of protection (left hand)
Wands
 k - a wand of paralysis (8)
 m - a wand of flame (20)
Scrolls
 c - a scroll of enchant weapon {unknown}
 g - 3 scrolls of teleportation
 i - a scroll of enchant armour
 j - 5 scrolls of identify
 l - a scroll of fear {unknown}
Books
 b - a book of Conjurations

   Spells                             Type                      Level
   a - Magic Dart                     Conjuration                  1
   b - Searing Ray                    Conjuration                  2
   c - Dazzling Spray                 Conjuration/Hexes            3
   d - Fulminant Prism                Conjuration/Hexes            4
   e - Force Lance                    Conjuration/Translocation    4
   f - Iskenderun's Mystic Blast      Conjuration                  4


   Skills:
 - Level 1.5 Dodging
 - Level 1.5 Stealth
 - Level 2.6 Spellcasting
 + Level 9.9 Conjurations


You had 9 spell levels left.
You knew the following spells:

 Your Spells              Type           Power        Failure   Level  Hunger
a - Magic Dart            Conj           ####         1%          1    N/A
b - Searing Ray           Conj           #####.       1%          2    N/A

Dungeon Overview and Level Annotations

Branches:
Dungeon (6/15)
 Temple: D:4-7

Altars:
Trog
Yredelemnul

Shops:
D:5 ?


Innate Abilities, Weirdness & Mutations

You do not eat or drink.
Your flesh is vulnerable to fire.
You are immune to poison.
Your flesh is cold resistant. (rC+)
You are immune to negative energy. (rN+++)
You are immune to unholy pain and torment.
You can survive without breathing.


Message History

The wight is lightly damaged.
The hound bites you. The bullfrog hits you. The hound closely misses you.
The wight hits you with a scimitar!
The scorpion stings you but does no damage.
The bullfrog hits you.
* * * LOW HITPOINT WARNING * * *
You block the scorpion's attack.
As you read the scroll of teleportation, it crumbles to dust.
You feel strangely unstable. The hound bites you.
* * * LOW HITPOINT WARNING * * *
The bullfrog hits you.
* * * LOW HITPOINT WARNING * * *
You block the wight's attack.
The scorpion stings you but does no damage.
The hound bites you but does no damage. The scorpion stings you.
* * * LOW HITPOINT WARNING * * *
The bullfrog misses you.
The orc roars loudly.
The scorpion stings you.
You die...

#.........#..##........zs.z###
###.###............#.#####.#
#####.#.#..#.#.# #.#
#.#......#.# ... #.......!..#
...# ###.)....### #...#
#o[Y...# ##...#
...####sFz...##.!..
.......@hs.!.......
...#####z##.##..... #.#..#
.###. #.#.## # #... ###. #. #<
..


You could see an ice beast, a bullfrog, 2 scorpions, a hound, 2 wights and an
orc.

Vanquished Creatures
  Eustachio (D:5)
  Menkaure (D:4)
  A sky beast (D:5)
  2 orc warriors (D:6)
  2 ogres (D:4)
  The ghost of Artool the Cudgeler, an amateur DsGl (D:3)
  A centaur (D:3)
  A bullfrog (D:6)
  A wight (D:6)
  2 howler monkeys
  A centaur zombie (D:5)
  2 hounds
  A jelly (D:5)
  A bullfrog skeleton (D:5)
  An orc priest (D:4)
  6 orc wizards
  An iguana (D:6)
  2 worker ants
  A hound zombie (D:5)
  A howler monkey zombie (D:5)
  6 adders
  2 shadow imps (D:5)
  2 oozes
  3 dart slugs
  A leopard gecko (D:4)
  14 orcs
  13 bats
  6 giant cockroaches
  4 goblins
  4 hobgoblins
  2 quokkas
  3 ball pythons
  A ball python skeleton (D:5)
  3 frilled lizards
  12 kobolds
  6 rats
112 creatures vanquished.

Notes
Turn   | Place    | Note
-------+----------+-------------------------------------------
     0 | D:1      | Hibernaculum the Mummy Conjurer began the quest for the Orb.
     0 | D:1      | Reached XP level 1. HP: 13/13 MP: 4/4
   191 | D:1      | Reached XP level 2. HP: 16/19 MP: 2/5
   314 | D:1      | Reached skill level 4 in Conjurations
   456 | D:1      | Reached XP level 3. HP: 20/24 MP: 4/7
  1315 | D:2      | Learned a level 2 spell: Searing Ray
  1871 | D:3      | Noticed Artool's ghost (amateur DsGl)
  1932 | D:3      | Killed Artool's ghost
  1932 | D:3      | Reached skill level 5 in Conjurations
  1932 | D:3      | Reached XP level 4. HP: 4/30 MP: 8/8
  1932 | D:3      | Reached XP level 5. HP: 4/35 MP: 8/9
  2968 | D:3      | Noticed a centaur
  2978 | D:3      | Killed a centaur
  2978 | D:3      | Reached skill level 6 in Conjurations
  3505 | D:4      | Reached XP level 6. HP: 38/41 MP: 10/10
  3599 | D:4      | Found a bloodstained altar of Trog.
  3648 | D:4      | Noticed Menkaure
  3655 | D:4      | Killed Menkaure
  4464 | D:4      | Reached skill level 7 in Conjurations
  4634 | D:4      | Reached XP level 7. HP: 46/46 MP: 11/11
  5587 | D:5      | Entered Level 5 of the Dungeon
  5628 | D:5      | Noticed Eustachio
  5648 | D:5      | Found Qanlip Soe's Magic Scroll Shoppe.
  5939 | D:5      | Reached skill level 8 in Conjurations
  6261 | D:5      | Reached XP level 8. HP: 52/52 MP: 12/12
  6285 | D:5      | Killed Eustachio
  6569 | D:5      | Reached skill level 9 in Conjurations
  7183 | D:6      | Found a basalt altar of Yredelemnul.
  7334 | D:6      | HP: 1/52 [scorpion (4)]
  7335 | D:6      | Slain by a scorpion

Skill      XL: |  1  2  3  4  5  6  7  8 |
---------------+-------------------------+-----
Conjurations   | 4 5 6 7 8 9 |  9.9
Dodging        | |  1.5
Stealth        | |  1.5
Spellcasting   | |  2.6

Action                   |  1- 3 |  4- 6 |  7- 9 || total
-------------------------+-------+-------+-------++-------
Melee: Dagger            |    56 |       |       ||    56
       Short sword       |    49 |       |       ||    49
       Falchion          |       |     7 |     6 ||    13
 Cast: Magic Dart        |    47 |       |       ||    47
       Searing Ray       |     2 |    31 |    43 ||    76
  Use: Scroll            |     3 |     2 |     2 ||     7
 Stab: Sleeping          |     2 |       |       ||     2
Armor: Robe              |    65 |    14 |    41 ||   120
Dodge: Dodged            |   123 |    28 |    61 ||   212
Block: Buckler           |       |     2 |    27 ||    29
       Rpst.: Falchion   |       |     6 |    20 ||    26
